 Dungeon Crawl Stone Soup version 0.16.0-11-gd45b091 (webtiles) character file.

151 maniek23 the Sneak (level 5, -1/35 HPs)
             Began as a Vampire Enchanter on Mar 17, 2015.
             Slain by an orc
             ... wielding a +0 mace
              (8 damage)
             ... on level 3 of the Dungeon.
             The game lasted 00:23:26 (1823 turns).

maniek23 the Sneak (Vampire Enchanter)              Turns: 1823, Time: 00:23:26

Health: -1/35      AC:  5    Str:  7    XL:     5   Next: 10%
Magic:  9/9        EV: 13    Int: 17    God:
Gold:   48         SH:  0    Dex: 15    Spells: 2 memorised, 4 levels left

rFire  . . .     SeeInvis +     a - +1 dagger
rCold  . . .     Clarity  .     b - +1 robe
rNeg   + . .     SustAb   .     (no shield)
rPois  .         Gourm    .     (no helmet)
rElec  .         Spirit   .     (no cloak)
rCorr  .         Warding  .     v - +1 pair of gloves
rMut   .         Stasis   .     (no boots)
MR     .....                    (no amulet)
Stlth  ++........               (no ring)
                                (no ring)

@: not resistant to hostile enchantments, unstealthy
A: bottle blood, fangs 3, see invisible, unbreathing
a: Bat Form


You were on level 3 of the Dungeon.
You were not thirsty.

You visited 1 branch of the dungeon, and saw 3 of its levels.

You collected 48 gold pieces.

Inventory:

Hand weapons
 a - a +1 dagger (weapon)
 e - a +2 dagger of holy wrath
 g - a +0 club
 k - a +0 short sword
 x - a +1 scythe of freezing
Armour
 b - a +1 robe (worn)
 n - a +0 leather armour
 q - a +0 buckler
 u - a +0 chain mail
 v - a +1 pair of gloves (worn)
Jewellery
 i - an uncursed ring of protection from fire {unknown}
 l - an uncursed amulet of guardian spirit {unknown}
Magical devices
 m - a wand of random effects (39)
 y - a wand of polymorph (16)
Scrolls
 f - a scroll of immolation
 j - 3 scrolls of remove curse {unknown}
 p - 2 scrolls of identify
 r - a scroll of blinking {unknown}
 s - a scroll of amnesia {unknown}
Potions
 d - 21 potions of blood
 h - a potion of cure mutation {unknown}
 o - a potion of haste {unknown}
 t - 2 potions of might {unknown}
 w - 2 potions of poison {unknown}
 z - a potion of curing {unknown}
Books
 c - a book of Maledictions

   Spells                             Type                      Level
   a - Corona                         Hexes                        1
   b - Sure Blade                     Hexes/Charms                 2
   c - Ensorcelled Hibernation        Hexes/Ice                    2
   d - Confuse                        Hexes                        3
   e - Dazzling Spray                 Conjuration/Hexes            3
   f - Enslavement                    Hexes                        4


   Skills:
 + Level 0.1 Fighting
 + Level 1.3 Short Blades
 + Level 3.5 Dodging
 + Level 6.3 Stealth
 + Level 0.1 Shields
 + Level 2.3 Spellcasting
 + Level 5.6 Hexes


You had 4 spell levels left.
You knew the following spells:

 Your Spells              Type           Power        Failure   Level  Hunger
a - Corona                Hex            ###....      1%          1    #......
b - Confuse               Hex            ###.....     8%          3    ###....


Dungeon Overview and Level Annotations

Branches:
Dungeon (3/15)

Altars:
Nemelex Xobeh


Innate Abilities, Weirdness & Mutations

You can bottle blood from corpses.
You have razor-sharp teeth.
You have supernaturally acute eyesight.
You can survive without breathing.


Message History

The bat hits you but does no damage. The bat barely misses you.
Your unstable footing causes you to fumble your attack.
The bat hits you but does no damage. The bat barely misses you.
The orc hits you with a mace.
Your unstable footing causes you to fumble your attack.
The bat completely misses you. The orc misses you.
You hit the orc.
The orc is heavily wounded.
The orc hits you with a mace. The hobgoblin barely misses you.
Your unstable footing causes you to fumble your attack.
You hit the orc but do no damage. Your bite misses the orc.
The orc is heavily wounded.
The hobgoblin hits you with a club. The orc hits you with a mace!
* * * LOW HITPOINT WARNING * * *
As you read the scroll labeled TRUFRA RYXT, it crumbles to dust.
It is a scroll of identify.
Identify which item? (\ to view known items) (? for menu, Esc to quit)
f - a scroll of immolation The hobgoblin misses you.
The orc hits you with a mace!
You die...

......#r............##.#.#
...........##..............
...........#....$.....#..?.
...........................
.....................#.<..
......#####............#.#
#...## #♣b≈.............#
... ♣ogr........#....# .
#@♣♣P........#....
#♣P..............#
#...........#..#
..........##### .........
........ #.. ... #


You could see an orc, a hobgoblin, a bat and a rat.

Vanquished Creatures
  Sigmund (D:2)
  Jessica (D:2)
  2 gnolls (D:2)
  2 giant mites
  A worm (D:2)
  3 giant geckos
  7 bats
  5 goblins
  4 hobgoblins
  2 jackals (D:3)
  7 kobolds
  A quokka (D:2)
  A giant cockroach (D:1)
  3 giant newts
  4 rats
44 creatures vanquished.

Notes
Turn   | Place    | Note
--------------------------------------------------------------
     0 | D:1      | maniek23, the Vampire Enchanter, began the quest for the Orb.
     0 | D:1      | Reached XP level 1. HP: 13/13 MP: 3/3
   119 | D:1      | Reached XP level 2. HP: 11/19 MP: 4/4
   763 | D:2      | Reached skill level 5 in Hexes
   763 | D:2      | Reached XP level 3. HP: 22/24 MP: 4/6
   772 | D:2      | Reached skill level 5 in Stealth
  1055 | D:2      | Learned a level 3 spell: Confuse
  1117 | D:2      | Found a sparkling altar of Nemelex Xobeh.
  1258 | D:2      | Noticed Sigmund
  1290 | D:2      | Killed Sigmund
  1290 | D:2      | Reached XP level 4. HP: 30/30 MP: 4/8
  1511 | D:2      | Reached skill level 6 in Stealth
  1596 | D:2      | Noticed Jessica
  1598 | D:2      | Killed Jessica
  1598 | D:2      | Reached XP level 5. HP: 35/35 MP: 9/9
  1823 | D:3      | Slain by an orc

Action                   |  1- 3 |  4- 6 || total
-------------------------+-------+-------++-------
Melee: Dagger            |    62 |    44 ||   106
       Unarmed           |       |     3 ||     3
 Cast: Confuse           |     1 |       ||     1
 Abil: End Transformatio |     2 |     1 ||     3
       Bat Form          |     2 |     1 ||     3
  Use: Scroll            |       |     1 ||     1
       Potion            |       |     1 ||     1
 Stab: Sleeping          |     7 |     4 ||    11
       Confused          |     1 |       ||     1
       Distracted        |       |     1 ||     1
  Eat: Corpse            |       |     1 ||     1
